 Dungeon Crawl Stone Soup version 0.29.1-2-gbd0b4ee654 (webtiles) character file.

Game seed: 9573560091400068021

2 nshep25 the Shield-Bearer (level 1, -2/20 HPs)
             Began as a Minotaur Fighter on Oct 27, 2022.
             Slain by a hobgoblin (4 damage)
             ... on level 1 of the Dungeon.
             The game lasted 00:00:07 (34 turns).

nshep25 the Shield-Bearer (Minotaur Fighter)          Turns: 34, Time: 00:00:09

Health: -2/20      AC:  6    Str: 20    XL:     1   Next: 33%
Magic:  0/0        EV:  9    Int:  5    God:
Gold:   0          SH:  4    Dex:  9    Spells: 0/0 levels left

rFire   . . .      SeeInvis .   a - +0 war axe
rCold   . . .      Faith    .   c - +0 buckler
rNeg    . . .      Spirit   .   b - +0 scale mail
rPois   .          Reflect  .   (helmet restricted)
rElec   .          Harm     .   (no cloak)
rCorr   .          Rampage  .   (no gloves)
Will    .....                   (no boots)
Stlth   ..........              (no amulet)
HPRegen 0.06/turn               (no ring)
MPRegen 0.07/turn               (no ring)

@: no status effects
A: horns 2, retaliatory headbutt
a: no special abilities


You were on level 1 of the Dungeon.
You visited 1 branch of the dungeon, and saw 1 of its levels.

Inventory:

Hand Weapons
 a - a +0 war axe (weapon)
Armour
 b - a +0 scale mail (worn)
 c - a +0 buckler (worn)
Potions
 d - a potion of might


   Skills:
 + Level 3.6 Fighting
 + Level 2.4 Axes
 + Level 3.6 Armour
 + Level 3.8 Shields


You couldn't memorise any spells.
You didn't know any spells.
Your spell library was empty.

Dungeon Overview and Level Annotations

Branches:
Dungeon (1/15)

Altars:


Innate Abilities, Weirdness & Mutations

You have a pair of horns on your head.
You reflexively headbutt those who attack you in melee.


Message History

The bat moves out of view.
You closely miss the kobold. You block the kobold's attack.
You barely miss the kobold.
A bat comes into view.
The gnoll closely misses you. The kobold hits you with a +0 dagger.
You closely miss the kobold. You headbutt the kobold.
You kill the kobold!
The bat hits you. The gnoll hits you but does no damage.
The gnoll hits you from afar with a +0 spear.
You miss the bat. The bat closely misses you. The bat misses you.
The gnoll hits you from afar with a +0 spear.
You closely miss the bat. The bat barely misses you.
The gnoll barely misses you. The bat barely misses you.
You block the gnoll's attack. The bat closely misses you.
You barely miss the hobgoblin. You closely miss the bat.
The bat hits you but does no damage. The bat closely misses you.
The gnoll hits you from afar with a +0 spear.
You block the hobgoblin's attack.
You closely miss the hobgoblin. Your headbutt misses the hobgoblin.
The bat closely misses you. You furiously retaliate!
You headbutt the bat, but do no damage. The bat hits you but does no damage.
The gnoll hits you from afar with a +0 spear.
* * * LOW HITPOINT WARNING * * *
The hobgoblin hits you but does no damage.
You closely miss the hobgoblin. You closely miss the bat.
You block the bat's attack. The bat closely misses you.
You furiously retaliate!
You headbutt the bat!
You kill the bat!
The gnoll barely misses you.
The hobgoblin hits you but does no damage.
You block the hobgoblin's attack. The gnoll misses you.
You closely miss the hobgoblin. The bat barely misses you.
The gnoll hits you but does no damage. You block the hobgoblin's attack.
You hit the hobgoblin but do no damage. You barely miss the bat.
The bat hits you.
* * * LOW HITPOINT WARNING * * *
The gnoll hits you from afar with a +0 spear.
* * * LOW HITPOINT WARNING * * *
The hobgoblin hits you.
You die...

#.# #.# ..#
#.### #.##
#...## #.
#..#..## ##
#.####.# ...
#.# #..# #.#
### #.# #@#
#g..# .gb....
..........
...........
............
.............
..............


You could see a gnoll, a hobgoblin and a bat.

Vanquished Creatures
  A bat (D:1)
  A kobold (D:1)
2 creatures vanquished.

Notes
Turn   | Place    | Note
-------+----------+-------------------------------------------
     0 | D:1      | nshep25 the Minotaur Fighter began the quest for the Orb.
     0 | D:1      | Reached XP level 1. HP: 19/19 MP: 0/0
    34 | D:1      | Slain by a hobgoblin

Illustrated notes

Levels and vault maps discovered:
D:1:      dpeg_arrival_round_a, layout_rooms

Action                   || total
-------------------------++-------
Melee: War axe           ||    10
       Headbutt          ||     1
Armor: Scale mail        ||     6
Dodge: Dodged            ||    14
Block: Buckler           ||     6
